 Dungeon Crawl Stone Soup version 0.31-a0-841-g038b102fc3 (webtiles) character file.

Game seed: 3907879466302318784

62 Newt the Shooter (level 4, -2/30 HPs)
             Began as a Kobold Hunter on Sept 27, 2023.
             Slain by a gnoll
             ... wielding a +0 flail
              (10 damage)
             ... on level 2 of the Dungeon.
             The game lasted 00:01:11 (583 turns).

Newt the Shooter (Kobold Hunter)                     Turns: 583, Time: 00:01:11

Health: -2/30      AC:  7    Str:  8    XL:     4   Next: 28%
Magic:  4/4        EV: 14    Int: 10    God:
Gold:   17         SH:  0    Dex: 20    Spells: 3/3 levels left

rFire   . . .        a - +1 shortbow
rCold   . . .        (shield currently unavailable)
rNeg    . . .        c - +0 leather armour
rPois   .            (no helmet)
rElec   .            g - +2 cloak
rCorr   .            (no gloves)
SInv    .            h - +0 pair of boots
Will    .....        (no amulet)
Stlth   +++          (no ring)
HPRegen 0.25/turn    (no ring)
MPRegen 0.09/turn

%: no passive effects
@: no status effects
A: small, no large weapons, nightstalker 3
a: no special abilities


You were on level 2 of the Dungeon.
You visited 1 branch of the dungeon, and saw 2 of its levels.

You collected 87 gold pieces.
You spent 70 gold pieces at shops.

Inventory:

Hand Weapons
 a - a +1 shortbow (weapon)
Armour
 c - a +0 leather armour (worn)
 g - a +2 cloak (worn)
 h - a +0 pair of boots (worn)
Scrolls
 b - a scroll of butterflies
 e - a scroll of enchant weapon
Potions
 i - a potion of might
 j - a potion of curing
 l - a potion of heal wounds


   Skills:
 + Level 4.7 Fighting
 - Level 5.3 Ranged Weapons
 - Level 2.4 Dodging
 - Level 1.3 Stealth


You had 3 spell levels left.
You didn't know any spells.
Your spell library contained the following spells:

 Spells                   Type           Power      Damage    Failure   Level
 Ensorcelled Hibernation  Hex/Ice        0%         N/A       63%         2
 Jinxbite                 Hex            0%         N/A       63%         2
 Anguish                  Hex/Necr       0%         N/A       99%         4
 Animate Dead             Necr           0%         N/A       99%         4
 Haunt                    Necr/Summ      0%         N/A       100%        7
 Infestation              Necr           0%         N/A       100%        8


Dungeon Overview and Level Annotations

Branches:
Dungeon (2/15)

Altars:

Shops:
D:2 !


Innate Abilities, Weirdness & Mutations

You are small and have problems with some larger weapons.
You are completely attuned to the shadows.


Message History

The gnoll hits you but does no damage.
You are too injured to fight recklessly!
You are too injured to fight recklessly!
You are too injured to fight recklessly!
You are too injured to fight recklessly!
Unknown command.
Fire: a) +1 shortbow
Press: ? - help, Shift-Dir - straight line, f - gnoll, p - gnoll
Aim: a gnoll, wielding a +0 flail (70% to hit)
You shoot an arrow.
The arrow hits the gnoll but does no damage.
The gnoll is severely wounded.
The gnoll closely misses you.
Fire: a) +1 shortbow
Press: ? - help, Shift-Dir - straight line, f - gnoll
Aim: a gnoll, wielding a +0 spear (severely wounded, 70% to hit)
You shoot an arrow. The arrow closely misses the gnoll.
The gnoll hits you but does no damage.
Unknown command.
Fire: a) +1 shortbow
Press: ? - help, Shift-Dir - straight line, f/p - gnoll
Aim: a gnoll, wielding a +0 spear (severely wounded, 70% to hit)
You shoot an arrow. The arrow hits the gnoll!
You kill the gnoll!
Unknown command.
Unknown command.
Unknown command.
Fire: a) +1 shortbow
Press: ? - help, Shift-Dir - straight line, f - gnoll
Aim: a gnoll, wielding a +0 flail (70% to hit)
You shoot an arrow. The arrow closely misses the gnoll.
Unknown command.
You shoot an arrow. The arrow barely misses the gnoll.
The gnoll hits you with a +0 flail.
You shoot an arrow. The arrow barely misses the gnoll.
The gnoll hits you but does no damage. The gnoll hits you with a +0 flail.
* * * LOW HITPOINT WARNING * * *
You shoot an arrow. The arrow closely misses the gnoll.
The gnoll hits you with a +0 flail!
You die...

****** *,,,,* *******,,,,*
,,,,,,*,,,,********
.....,+,..........#
.....,*,..........#
.....,,,..........#
....)..###........#
<......#.#<.....@g#******
...#+#...#...#####)).,,,* *
####.#<#.#.#.###**,.>,,,*********
#................,,,.,,,,,,,,,,,,
#......#.#.#.####****************
#....#...#.#.# *,,,,* **
###..#####.#.#*********,,,,*****,
)..>..).,.....,,,,,,,,+,,,,+,,,,,
###.....,***,**********,,,,*****,


You could see a gnoll.

Vanquished Creatures
  3 gnolls (D:2)
  6 endoplasms
  3 goblins (D:1)
  4 hobgoblins (D:1)
  4 jackals (D:1)
  A quokka (D:1)
  2 ball pythons (D:1)
  2 frilled lizards (D:1)
  4 kobolds
  A rat (D:1)
30 creatures vanquished.

Notes
Turn   | Place    | Note
-------+----------+-------------------------------------------
     0 | D:1      | Newt the Kobold Hunter began the quest for the Orb.
     0 | D:1      | Reached XP level 1. HP: 12/12 MP: 1/1
    68 | D:1      | Reached XP level 2. HP: 15/18 MP: 2/2
   153 | D:1      | Reached XP level 3. HP: 23/23 MP: 3/3
   483 | D:2      | Found Mephiss's Distillery.
   489 | D:2      | Bought a potion of heal wounds for 70 gold pieces
   576 | D:2      | Reached XP level 4. HP: 17/30 MP: 4/4
   583 | D:2      | Slain by a gnoll

Illustrated notes

Levels and vault maps discovered:
D:1:      ebering_trefoil_3fold, layout_rooms
D:2:      layout_basic, basic_altar, serial_shops, nicolae_shop_mannequins,
          nicolae_shop_industrial_runoff, minmay_heptomino_h4

Skill      XL: |  1  2  3 |
---------------+----------+-----
Fighting       | 3 4 |  4.7
Ranged Weapons | |  5.3
Dodging        | |  2.4
Stealth        | |  1.3

Action                     |  1- 3 |  4- 6 || total
---------------------------+-------+-------++-------
   Fire: Shortbow          |    74 |     8 ||    82
    Use: Scroll            |     5 |       ||     5
 Armour: Leather armour    |    12 |     7 ||    19
  Dodge: Dodged            |    32 |     1 ||    33

Table legend: (Time is in decaauts)
 A = Elapsed time spent in this place.
 B = Non-inter-level travel time spent in this place.
 C = Inter-level travel time spent in this place.
 D = Time resting spent in this place.
 E = Time spent auto-exploring this place.
 F = Levels seen in this place.
 G = Mean time per level.
                   A        B        C        D        E       F      G
               +--------+--------+--------+--------+--------+-----+--------+
         Total |    599 |    588 |     11 |      0 |    422 |   2 |  299.5 |
       Dungeon |    599 |    588 |     11 |      0 |    422 |   2 |  299.5 |
               +--------+--------+--------+--------+--------+-----+--------+

Top non-repeatable levels by time:
     D:1: 488 daAuts
     D:2: 110 daAuts
